 Dungeon Crawl Stone Soup version 0.30.0-20-g3615ddf2f0 (webtiles) character file.

Game seed: 45336237071834690

55 qw the Chopper (level 3, 0/23 HPs)
             Began as a Gargoyle Fighter on May 31, 2023.
             Constricted to death by a ball python (1 damage)
             ... on level 2 of the Dungeon.
             The game lasted 00:00:46 (1331 turns).

qw the Chopper (Gargoyle Fighter)                   Turns: 1331, Time: 00:00:46

Health: 0/23       AC: 12    Str: 21    XL:     3   Next: 93%
Magic:  0/3        EV:  4    Int:  8    God:
Gold:   81         SH:  4    Dex:  9    Spells: 2/2 levels left

rFire   . . .        Y - +0 war axe
rCold   . . .        c - +0 buckler
rNeg    + . .        m - +0 chain mail
rPois   inf          (no helmet)
rElec   +            (no cloak)
rCorr   .            (no gloves)
SInv    .            (no boots)
Will    .....        j - amulet of guardian spirit Stlth
                     (no ring)
HPRegen 0.23/turn    (no ring)
MPRegen 0.08/turn

%: guardian spirit
@: constricted
A: sickness immunity, AC +3, negative energy resistance 1, electricity
resistance, torment resistance 1, petrification resistance
a: no special abilities


You were on level 2 of the Dungeon.
You visited 1 branch of the dungeon, and saw 3 of its levels.

You collected 81 gold pieces.


Innate Abilities, Weirdness & Mutations

You are immune to sickness and miasma.
Your stone body is resilient. (AC +3)
You are immune to poison.
You resist negative energy. (rN+)
You are resistant to electric shocks. (rElec)
You are resistant to unholy torment.
You are immune to petrification.


   Skills:
 - Level 3.2 Fighting
 + Level 3.7 Axes
 - Level 3.2 Armour
 - Level 3.2 Shields


You had 2 spell levels left.
You didn't know any spells.
Your spell library was empty.

Inventory:

Hand Weapons
 i - a +2 mace of protection
 Y - a +0 war axe (weapon)
Armour
 c - a +0 buckler (worn)
 m - a +0 chain mail (worn)
Jewellery
 j - an amulet of guardian spirit (around neck)
Scrolls
 l - a scroll of identify
Potions
 a - a potion of heal wounds
 d - 2 potions of might
 e - a potion of mutation
 f - a potion of brilliance {unknown}
 g - a potion of flight {unknown}
 o - a potion of haste {unknown}

Dungeon Overview and Level Annotations

Branches:
Dungeon (3/15)

Altars:


Message History

Found 22 gold pieces and 8 stones.
Found an escape hatch in the ceiling and an escape hatch in the floor.
There is a stone staircase leading up here.
There are monsters nearby!
Waypoint 2 assigned to D:3.
You barely miss the iguana. The iguana bites you.
The ball python bites you but does no damage.
The ball python barely misses you.
1327 ||| STAIRDANCE The ball python bites you but does no damage.
The ball python barely misses you. The iguana bites you!
You climb upwards.
There is a stone staircase leading down here.
Enter note:
Enter note:
Enter note:
Enter note:
Enter note:
Enter note:
Enter note:
Enter note:
Enter note:
Enter note:
Enter note:
Enter note: You closely miss the iguana.
You barely miss the ball python.
The ball python bites you but does no damage.
The ball python grabs you. The ball python constricts you.
The iguana bites you. The ball python bites you.
The ball python constricts you.
You closely miss the ball python. You barely miss the iguana.
You block the iguana's attack.
The ball python bites you but does no damage.
The ball python constricts you.
The iguana bites you but does no damage.
You barely miss the ball python. You closely miss the iguana.
The ball python bites you but does no damage.
The ball python constricts you. The iguana bites you.
The ball python barely misses you. The ball python constricts you.
You die...

.#.............###.#
.#..........#...##.#
#.........###.#....#
#^.........##...####
.................#
.#.........##....#
.#.........###...###
######.......#<#Sl.# #
####..#.#.#@#.## #
#.....))#....# ###
##........#...## ..###
#..........#..(###
....###..........##....#
#.....#..........##.##.#
###...#(............##.#
#####............#.....#
##.................###.##


You could see an iguana and a ball python.

Vanquished Creatures
  2 adders (D:2)
  A worm (D:2)
  A dart slug (D:2)
  An orc (D:2)
  6 ball pythons
  An endoplasm (D:1)
  2 giant cockroaches
  5 goblins
  3 hobgoblins
  2 kobolds
  3 bats
  A frilled lizard (D:2)
  4 rats
32 creatures vanquished.

Notes
Turn   | Place    | Note
-------+----------+-------------------------------------------
     0 | D:1      | qw the Gargoyle Fighter began the quest for the Orb.
     0 | D:1      | Reached XP level 1. HP: 14/14 MP: 1/1
     0 | D:1      | 0 ||| qw: Version: 0.2-a-102-gfc559e5
     0 | D:1      | 0 ||| qw: Game counter: 606
     0 | D:1      | 0 ||| qw: Always use a shield: true
     0 | D:1      | 0 ||| qw: God list: Okawaru
     0 | D:1      | 0 ||| qw: Allow faded altars: false
     0 | D:1      | 0 ||| qw: Do Orc after D:15 true
     0 | D:1      | 0 ||| qw: Do second Lair branch before Depths: true
     0 | D:1      | 0 ||| qw: Lair rune preference: random
     0 | D:1      | 0 ||| qw: Plans: Normal, Zot:1-4, Slime:5, God:TSO, Crypt,
                  | Tomb, Pan, Hells, Abyss, Win
     0 | D:1      | 0 ||| PLANNING D:1-11
   141 | D:1      | 141 ||| Stepping ~*~*~tactically~*~*~ (stealth).
   226 | D:1      | Reached XP level 2. HP: 19/19 MP: 2/2
   617 | D:1      | 617 ||| UPGRADING to amulet of guardian spirit.
   622 | D:1      | 622 ||| READING scroll labelled BAPHIRR LUXEOF.
   623 | D:1      | 623 ||| READING scroll labelled JEYNUKE YFOI.
   644 | D:2      | Reached skill level 3 in Axes
   644 | D:2      | Reached XP level 3. HP: 18/23 MP: 3/3
   743 | D:2      | 743 ||| DROPPING +0 club.
   773 | D:2      | 773 ||| Stepping ~*~*~tactically~*~*~ (stealth).
   923 | D:2      | 923 ||| Stepping ~*~*~tactically~*~*~ (stealth).
  1256 | D:2      | Found a faded altar of an unknown god.
  1270 | D:2      | 1270 ||| UPGRADING to +0 chain mail.
  1280 | D:2      | 1280 ||| DROPPING +0 scale mail.
  1281 | D:2      | 1281 ||| READING scroll labelled QUQAVV MAUMER NUE.
  1282 | D:2      | 1282 ||| READING scroll labelled VOGHAS WENI.
  1283 | D:2      | 1283 ||| READING scroll labelled TILUNTICRA.
  1284 | D:2      | 1284 ||| DRINKING 2 viscous sapphire potions.
  1285 | D:2      | 1285 ||| READING 2 scrolls of identify.
  1285 | D:2      | 1285 ||| IDENTIFYING murky blue potion
  1327 | D:3      | 1327 ||| STAIRDANCE
  1331 | D:2      | HP: 1/23 [iguana (5)]
  1331 | D:2      | Constricted to death by a ball python

Levels and vault maps discovered:
D:1:      dpeg_arrival_rooms_a, layout_loops_ring
D:2:      layout_rooms, shapermc_ecumenical_altar_petra, minmay_pentomino_pile
D:3:      layout_rooms, nicolae_sif_muna_little_library

Skill      XL: |  1  2 |
---------------+-------+-----
Axes           | 2 3 |  3.7
Fighting       | |  3.2
Armour         | |  3.2
Shields        | |  3.2

Action                     || total
---------------------------++-------
  Melee: War axe           ||   115
    Use: Scroll            ||     6
         Potion            ||     1
 Armour: Scale mail        ||    60
         Chain mail        ||     6
  Dodge: Dodged            ||    49
  Block: Buckler           ||    27

Table legend:
 A = Non-vault XP
 B = Vault XP
 C = Vault XP percentage of total XP
 D = Non-vault monster count
 E = Vault monster count
 F = Vault count percentage of total count
                 A         B        C        D         E       F
            +---------+---------+-------+---------+---------+-------
      Total |      75 |       4 |   5.1 |      29 |       3 |   9.4
            +---------+---------+-------+---------+---------+-------
        D:1 |      25 |       0 |   0.0 |      16 |       0 |   0.0
        D:2 |      50 |       4 |   7.4 |      13 |       3 |  18.8
            +---------+---------+-------+---------+---------+-------
